 Dungeon Crawl Stone Soup version 0.31-a0-233-g139696dc86 (webtiles) character file.

Game seed: 4526220380400930526

2347 Iniera the Cleaver (level 9, -10/65 HPs)
             Began as a Mummy Brigand on July 9, 2023.
             Mangled by a wight
             ... wielding a +4 long sword of freezing
              (11 damage)
             ... on level 7 of the Dungeon.
             The game lasted 00:09:23 (7016 turns).

Iniera the Cleaver (Mummy Brigand)                  Turns: 7016, Time: 00:09:24

Health: -10/65     AC: 16    Str: 19    XL:     9   Next: 20%
Magic:  0/9        EV:  2    Int: 10    God:
Gold:   142        SH:  0    Dex: 13    Spells: 8/8 levels left

rFire   . . .        a - +0 hand axe (venom)
rCold   + + .        (no shield)
rNeg    + + +        o - +0 gold dragon scales
rPois   ∞            e - +1 helmet
rElec   .            c - +0 cloak
rCorr   .            (no gloves)
SInv    .            (no boots)
Will    +....        l - amulet of guardian spirit Stlth
                     (no ring)
HPRegen 0.30/turn    (no ring)
MPRegen 0.11/turn

%: guardian spirit, faith
@: no status effects
A: cold resistance 1, negative energy resistance 3, torment resistance 2, heat
vulnerability 1, in touch with death 1, no potions, faith
a: no special abilities


You were on level 7 of the Dungeon.
You visited 1 branch of the dungeon, and saw 7 of its levels.

You collected 246 gold pieces.
You spent 104 gold pieces at shops.

Inventory:

Hand Weapons
 a - a +0 hand axe of venom (weapon)
Missiles
 d - 20 poisoned darts (quivered)
 z - 3 curare-tipped darts
Armour
 c - a +0 cloak (worn)
 e - a +1 helmet (worn)
 o - +0 gold dragon scales (worn)
Jewellery
 l - an amulet of guardian spirit (around neck)
Wands
 i - a wand of mindburst (21)
 j - a wand of flame (35)
 k - a wand of polymorph (7)
 m - a wand of digging (4)
Scrolls
 b - a scroll of revelation
 f - 4 scrolls of teleportation
 h - 2 scrolls of torment
 p - a scroll of identify
Miscellaneous
 g - a lightning rod (4/4)
 n - a phantom mirror


   Skills:
 - Level 4.1 Fighting
 - Level 1.5 Short Blades
 * Level 9.4 Axes
 - Level 2.0 Throwing
 + Level 2.1 Armour
 - Level 1.0 Dodging
 - Level 3.2 Stealth


You had 8 spell levels left.
You didn't know any spells.
Your spell library contained the following spells:

 Spells                   Type           Power      Damage    Failure   Level
 Apportation              Tloc           0%         N/A       100%        1
 Necrotise                Necr           0%         1d4       100%        1
 Summon Small Mammal      Summ           0%         N/A       100%        1
 Ensorcelled Hibernation  Hex/Ice        0%         N/A       100%        2
 Ozocubu's Armour         Ice            0%         N/A       100%        3
 Anguish                  Hex/Necr       0%         N/A       100%        4
 Cause Fear               Hex            0%         N/A       100%        4
 Simulacrum               Ice/Necr       0%         N/A       100%        6
 Enfeeble                 Hex            0%         N/A       100%        7
 Ozocubu's Refrigeration  Ice            0%         4d7       100%        7
 Polar Vortex             Ice            0%         N/A       100%        9
 Spider Form              Tmut/Pois      Unusable   N/A       N/A         3

Dungeon Overview and Level Annotations

Branches:
Dungeon (7/15)
 Temple: D:4-7

Altars:
Ashenzari
Hepliaklqana
Nemelex Xobeh
Ru
Yredelemnul

Shops:
D:2 *   D:5 **   D:6 *

Annotations:
D:5 2 runed translucent doors


Innate Abilities, Weirdness & Mutations

You are immune to poison.
Your flesh is cold resistant. (rC+)
You are immune to negative energy. (rN+++)
You are immune to unholy pain and torment.
You are vulnerable to heat. (rF-)
You are in touch with the powers of death.
You do not drink.
You have a special connection with the divine. (Faith)


Message History

You are too injured to fight recklessly!
You are too injured to fight recklessly!
You are too injured to fight recklessly!
You are too injured to fight recklessly!
You are too injured to fight recklessly!
You hit the orc but do no damage.
The orc is poisoned.
You hit the orc.
The orc is poisoned.
You hit the wight. You barely miss the wight.
You hit the wight but do no damage.
You closely miss the orc. x2; You hit the wight.
You barely miss the wight. You hit the wight but do no damage.
The wight hits you but does no damage.
The wight hits you with a +4 long sword of freezing!
The orc hits you with a +0 dagger. The orc hits you with a +0 club.
You slash the orc!
You kill the orc!
You completely miss the wight. You closely miss the wight.
You hit the wight but do no damage. x2; You closely miss the orc.
The wight barely misses you.
The wight hits you with a +0 great sword.
The wight hits you with a +0 falchion. The wight hits you but does no damage.
The orc hits you with a +0 club.
* * * LOW HITPOINT WARNING * * *
As you read the scroll of torment, it crumbles to dust.
You feel a surge of unholy energy.
Something is bathed in an unholy light!
The orc convulses!
The orc priest convulses!
The wight hits you with a +2 dire flail.
* * * LOW HITPOINT WARNING * * *
The wight hits you with a +0 great sword!
* * * LOW HITPOINT WARNING * * *
The wight hits you but does no damage.
The wight hits you with a +4 long sword of freezing.
* * * LOW HITPOINT WARNING * * *
The orc hits you but does no damage. x2
As you read the scroll labelled DIRGHA MAMMI, it crumbles to dust.
The creatures around you are filled with an inner flame!
It was a scroll of immolation.
The wight barely misses you.
The wight hits you with a +0 great sword.
* * * LOW HITPOINT WARNING * * *
The wight hits you but does no damage.
The wight hits you with a +4 long sword of freezing!
You die...

.... ......... ....
...........#
................# .....
..........#
......#.........## #
.....?##.##......#.#
#....Wzz.........#.#####
#....{z@....!...........
.....zzoo.....#..######
.......o......#......<#
................#######
.....###...............
...##.........#########
... #........## ..
#........# #........#


You could see a phantom (inner flame), 5 wights, an orc priest (inner flame) and
2 orcs.

Vanquished Creatures
  A hornet (D:5)
  Prince Ribbit (D:6)
  A shadow (D:5)
  A yak (D:5)
  A sky beast (D:6)
  An ogre (D:5)
  A centaur (D:5)
  A phantom (D:4)
  A gnoll sergeant (D:5)
  3 scorpions (D:5)
  2 bullfrogs
  3 howler monkeys (D:7)
  3 hounds
  A quasit (D:5)
  3 jellies
  2 sleepcaps (D:5)
  Jessica (D:2)
  Natasha (thrice) (D:3)
  Terence (D:2)
  6 iguanas
  11 gnolls
  9 adders
  2 shadow imps (D:5)
  2 ufetubi
  4 worms
  3 dart slugs
  5 orcs
  8 ball pythons
  8 endoplasms
  4 giant cockroaches
  6 hobgoblins
  2 jackals (D:4)
  5 kobolds
  5 quokkas
  5 bats
  2 frilled lizards (D:2)
  8 goblins
  5 rats
131 creatures vanquished.

Notes
Turn   | Place    | Note
-------+----------+-------------------------------------------
     0 | D:1      | Iniera the Mummy Brigand began the quest for the Orb.
     0 | D:1      | Reached XP level 1. HP: 16/16 MP: 1/1
    87 | D:1      | Reached skill level 1 in Dodging
   214 | D:1      | Reached XP level 2. HP: 14/23 MP: 2/2
   636 | D:1      | Gained mutation: You are in touch with the powers of death.
                  | [Mummy growth]
   636 | D:1      | Reached XP level 3. HP: 19/29 MP: 3/3
   961 | D:2      | Noticed Terence
   980 | D:2      | Killed Terence
   981 | D:2      | Reached XP level 4. HP: 13/37 MP: 4/4
  1218 | D:2      | Reached skill level 1 in Axes
  1374 | D:2      | Noticed Jessica
  1380 | D:2      | Killed Jessica
  1381 | D:2      | Reached skill level 2 in Axes
  1381 | D:2      | Reached XP level 5. HP: 37/42 MP: 5/5
  1480 | D:2      | Found Riodeoli's Assorted Antiques.
  2485 | D:3      | Noticed Natasha
  2491 | D:3      | Killed Natasha
  2492 | D:3      | Reached skill level 3 in Axes
  2535 | D:3      | Noticed Natasha
  2561 | D:3      | Killed Natasha
  2572 | D:3      | Noticed Natasha
  2583 | D:3      | HP: 2/42 [Natasha (5)]
  2586 | D:3      | Killed Natasha
  2587 | D:3      | Reached XP level 6. HP: 3/48 MP: 6/6
  3234 | D:4      | Reached skill level 4 in Axes
  4063 | D:4      | Reached skill level 5 in Axes
  4063 | D:4      | Reached XP level 7. HP: 48/54 MP: 7/7
  4211 | D:4      | Found a sacrificial altar of Ru.
  4211 | D:4      | Found a basalt altar of Yredelemnul.
  4218 | D:4      | Found a faded altar of an unknown god.
  4220 | D:4      | Found a broken altar of Ashenzari.
  4222 | D:4      | Found a sparkling altar of Nemelex Xobeh.
  4386 | D:5      | Entered Level 5 of the Dungeon
  4386 | D:5      | Found Qoylenie's Fire Supplies.
  4505 | D:5      | Found Yzod's Assorted Antiques.
  4512 | D:5      | Bought a scroll of identify for 52 gold pieces
  4512 | D:5      | Bought a scroll labelled KAOLESSIPEI for 26 gold pieces
  4512 | D:5      | Bought a scroll labelled BUDUF KIUTAJ for 26 gold pieces
  4976 | D:5      | Reached skill level 6 in Axes
  5095 | D:5      | Found a large runed translucent door.
  5095 | D:5      | Found a large runed translucent door.
  5097 | D:5      | Noticed a hornet
  5111 | D:5      | Found a large runed translucent door.
  5111 | D:5      | Found a large runed translucent door.
  5148 | D:5      | Noticed a yak
  5165 | D:5      | Killed a yak
  5166 | D:5      | Reached XP level 8. HP: 41/60 MP: 6/8
  5173 | D:5      | Reached skill level 7 in Axes
  5479 | D:5      | Found a hazy altar of Hepliaklqana.
  5584 | D:5      | Reached skill level 8 in Axes
  5698 | D:5      | Killed a hornet
  6019 | D:6      | Found Orhes's Assorted Antiques.
  6165 | D:6      | Reached skill level 1 in Armour
  6171 | D:6      | Reached skill level 9 in Axes
  6320 | D:6      | Noticed Prince Ribbit
  6337 | D:6      | Killed Prince Ribbit
  6338 | D:6      | Reached XP level 9. HP: 30/65 MP: 4/9
  7015 | D:7      | HP: 3/65 [wight/+4 long sword of freezing (4)]
  7016 | D:7      | HP: 1/65 [wight/+0 great sword (3)]
  7016 | D:7      | Mangled by a wight

Illustrated notes

Levels and vault maps discovered:
D:1:      grunt_arrival_lava_bath, layout_loops_ring,
          chequers_hall_statues_corner_a, minmay_misc_feat_ornament, minivault_4
D:2:      minmay_evil_eye, layout_basic, serial_shops,
          nicolae_shop_behind_doors, serial_curves, eino_curves_01,
          eino_curves_02, uniq_terence, uniq_jessica
D:3:      layout_loops_ring, kennysheep_boxes, uniq_natasha
D:4:      layout_loops_ring, chequers_temple_overflow_minitemple,
          minmay_ruptured
D:5:      layout_cave_pools, nicolae_overflow_hidden_temple, serial_demonic,
          serial_demonic_g, serial_demonic_c, serial_demonic_b,
          serial_demonic_d, serial_shops, shop, nicolae_shop_fire_sale
          [nicolae_sub_dead_trees], minmay_hollow_rounded_squares
D:6:      layout_basic, serial_rivers, chequers_serial_rivers_small_3,
          chequers_serial_rivers_large_a, chequers_serial_rivers_small_b,
          chequers_serial_rivers_small_a, serial_shops, shop,
          uniq_prince_ribbit1
D:7:      layout_basic, mainiacjoe_overflow_paths,
          minmay_temple_entry_purple_smoke, amcnicky_mini_corridor_feature,
          bh_walls_and_bars

Skill      XL: |  1  2  3  4  5  6  7  8  9 |
---------------+----------------------------+-----
Dodging        | 1 |  1.0
Throwing       | 2 |  2.0
Fighting       | 3 4 |  4.1
Axes           | 2 3 5 6 9 |  9.4
Armour         | 1 2 |  2.1
Short Blades   | |  1.5
Stealth        | |  3.2

Action                     |  1- 3 |  4- 6 |  7- 9 || total
---------------------------+-------+-------+-------++-------
  Melee: Trident           |    82 |       |       ||    82
         Hand axe          |       |   252 |   206 ||   458
         Punch             |       |     1 |     7 ||     8
  Throw: Dart              |     3 |    30 |     6 ||    39
         Throwing net      |       |       |     1 ||     1
  Evoke: Wand              |       |     6 |       ||     6
         Lightning rod     |       |       |     2 ||     2
         Phantom mirror    |       |       |     1 ||     1
    Use: Scroll            |     3 |       |     9 ||    12
   Stab: Sleeping          |     6 |       |       ||     6
         Held in net/web   |       |       |     1 ||     1
 Armour: Robe              |    19 |       |       ||    19
         Scale mail        |       |    80 |       ||    80
         Chain mail        |       |    68 |    91 ||   159
         Gold dragon scale |       |       |    66 ||    66
  Dodge: Dodged            |    41 |   122 |    79 ||   242

Table legend: (Time is in decaauts)
 A = Elapsed time spent in this place.
 B = Non-inter-level travel time spent in this place.
 C = Inter-level travel time spent in this place.
 D = Time resting spent in this place.
 E = Time spent auto-exploring this place.
 F = Levels seen in this place.
 G = Mean time per level.
                   A        B        C        D        E       F      G
               +--------+--------+--------+--------+--------+-----+--------+
         Total |   7079 |   6845 |    234 |    828 |   4797 |   7 | 1011.3 |
       Dungeon |   7079 |   6845 |    234 |    828 |   4797 |   7 | 1011.3 |
               +--------+--------+--------+--------+--------+-----+--------+

Top non-repeatable levels by time:
     D:4: 1530 daAuts
     D:2: 1256 daAuts
     D:5: 1160 daAuts
     D:6: 1156 daAuts
     D:3: 1056 daAuts
     D:1: 884 daAuts
     D:7: 35 daAuts
